 Dungeon Crawl Stone Soup version 0.32-a0-779-g362cfcae2a (webtiles) character file.

Game seed: 12197202929207890526

2761 hikkokomori the Prestidigitator (level 9, -3/66 (71) HPs)
             Began as a Coglin Hunter on Mar 19, 2024.
             Was a Believer of Okawaru.
             Slain by a wyvern (6 damage)
             ... while petrified by a basilisk
             ... on level 8 of the Dungeon.
             The game lasted 00:12:18 (5898 turns).

hikkokomori the Prestidigitator (Coglin Hunter)     Turns: 5898, Time: 00:12:19

HP:   -3/66 (71)    AC:  6    Str: 11    XL:     9   Next: 69%
MP:   13/13         EV:  2    Int: 11    God:    Okawaru [**....]
Gold: 442           SH:  0    Dex: 20    Spells: 11/14 levels left

rFire   . . .        a - +3 sling (freeze) {Yashnoor}
rCold   . . .        d - +0 sling (flame) {Jinae}
rNeg    + + +        c - +0 leather armour
rPois   ∞            k - +0 helmet
rElec   .            (no cloak)
rCorr   .            (no gloves)
SInv    .            r - +1 pair of boots
Will    .....        (amulet unavailable)
Stlth   ++           (ring unavailable)
HPRegen 0.31/turn    (ring unavailable)
MPRegen 0.13/turn    (no gizmo)

%: no passive effects
@: petrified, drained
A: off-hand wielding, slow wielding, warmup strikes, no jewellery
a: Invent Gizmo, Renounce Religion, Heroism


You were on level 8 of the Dungeon.
You worshipped Okawaru.
Okawaru was pleased with you.
You visited 2 branches of the dungeon, and saw 10 of its levels.

You collected 442 gold pieces.

Inventory:

Hand Weapons
 a - a +3 sling of freezing (weapon) {Yashnoor}
 d - a +0 sling of flaming (offhand) {Jinae}
 v - the +6 dagger of the Everdark {flame, rF+ SInv}
   (You found it on level 6 of the Dungeon)

   rF+:       It protects you from fire.
   SInv:      It lets you see invisible.
Missiles
 t - 2 throwing nets
Armour
 c - a +0 leather armour (worn)
 k - a +0 helmet (worn)
 r - a +1 pair of boots (worn)
Magical Staves
 f - a staff of cold
Wands
 j - a wand of flame (18)
 p - a wand of light (8)
 y - a wand of polymorph (8)
 A - a wand of iceblast (10)
Scrolls
 b - a scroll of butterflies
 e - a scroll of teleportation
 h - 4 scrolls of blinking
 n - 2 scrolls of enchant armour
 x - 3 scrolls of noise
 B - a scroll of fear {unknown}
 C - a scroll of vulnerability {unknown}
 D - 2 scrolls of immolation
 F - a scroll of revelation
Potions
 g - a potion of curing {unknown}
 i - 2 potions of attraction
 l - 2 potions of magic {unknown}
 m - 2 potions of might {unknown}
 o - a potion of cancellation {unknown}
 q - a potion of haste {unknown}
 s - 2 potions of lignification {unknown}
 u - a potion of heal wounds
 w - a potion of resistance {unknown}
 z - a potion of degeneration {unknown}
 E - a potion of invisibility {unknown}


   Skills:
 + Level 6.8 Fighting
 + Level 7.0 Ranged Weapons
 - Level 1.7 Dodging
 - Level 2.0 Stealth
 - Level 3.0 Spellcasting
 - Level 3.0 Earth Magic
 - Level 2.0 Invocations
 + Level 8.3 Evocations


You had 11 spell levels left.
You knew the following spells:

 Your Spells              Type           Power      Damage    Failure   Level
a - Passwall              Erth           8%         N/A       30%         3

Your spell library contained the following spells:

 Spells                   Type           Power      Damage    Failure   Level
 Shock                    Conj/Air       4%         1d3       34%         1
 Swiftness                Air            1%         N/A       71%         3
 Volatile Blastmotes      Fire/Tloc      2%         2d10      71%         3
 Airstrike                Air            0%         2d(1-17)  98%         4
 Bombard                  Conj/Erth      2%         9d1       100%        6
 Eringya's Noxious Bog    Alch           0%         4d6       100%        6
 Summon Forest            Summ/Tloc      Unusable   N/A       N/A         5
 Summon Hydra             Summ           Unusable   N/A       N/A         7

Dungeon Overview and Level Annotations

Branches:
Dungeon (9/15)             Temple (1/1) D:5
   Lair: D:8-11         Orc: D:9-12

Altars:
Ashenzari
Cheibriados
Dithmenos
Fedhas
Hepliaklqana
Kikubaaqudgha
Makhleb
Okawaru
Qazlal
Ru
Sif Muna
Trog
Uskayaw
Vehumet
Wu Jian
Xom
Yredelemnul

Shops:
D:4 ?   D:6 *


Innate Abilities, Weirdness & Mutations

You can wield a second weapon in your off-hand.
It takes a long time for you to wield or remove held weapons.
Your first few attacks do less damage.
You cannot equip rings or amulets.


Message History

Items here: )) [[.
There is a stone staircase leading up here.
You start resting.
HP restored.
There is a stone staircase leading up here.
You climb upwards.
The wyvern closely misses you. The basilisk gazes at you.
You are slowing down.
The yak gores you. The wyvern barely misses you.
There is a stone staircase leading down here.
Unknown command.
Unknown command.
Unknown command.
The wyvern bites you. The yak gores you.
The wyvern bites you but does no damage.
The yak gores you.
You have turned to stone.
You stop descending the stairs.
The wyvern bites you!
The basilisk bites you but does no damage.
The yak gores you but does no damage.
The wyvern bites you! x2; The yak gores you!
The basilisk bites you! The wyvern bites you. The basilisk gazes at you.
You resist with some effort. The yak gores you but does no damage.
The wyvern bites you but does no damage.
The wyvern bites you! The yak gores you!
* * * LOW HITPOINT WARNING * * *
The basilisk gazes at you. You resist with some effort. The wyvern bites you!
* * * LOW HITPOINT WARNING * * *
The basilisk barely misses you. The yak gores you.
* * * LOW HITPOINT WARNING * * *
The wyvern bites you. The wyvern bites you!
* * * LOW HITPOINT WARNING * * *
The yak gores you!
* * * LOW HITPOINT WARNING * * *
The basilisk bites you.
* * * LOW HITPOINT WARNING * * *
The wyvern bites you!
You die...

# ##.#.###..###)###
#.#........).<<####
###.#..#.)...)........
###.......[..#.#.#####.#
................# ##.#
###.###..#...#.#.####...
.............#.#......#.
......Y.k......######... #
#.###@##..#### ##.# ..# #
#l##..# #.# ....
####.##..##########.#
..P..#Y..................#
......##..################
..........# ..PP.k##..#
..... #..# .... #..#


You could see a yak, a basilisk and a wyvern.

Vanquished Creatures
  A steam dragon (D:7)
  5 sky beasts
  A black bear (D:5)
  An ice beast (D:6)
  2 ogres (D:5)
  A kobold brigand (D:3)
  A bullfrog (D:7)
  Blork the orc (D:6)
  3 scorpions
  8 wights
  A howler monkey (D:3)
  2 gnoll boudas
  2 jellies
  6 hounds
  3 orc priests
  A sleepcap (D:6)
  An iguana (D:6)
  4 orc wizards
  6 adders
  28 gnolls
  2 white imps
  2 ribbon worms (D:2)
  34 orcs
  8 ball pythons
  A bat zombie (D:4)
  6 endoplasms
  2 giant cockroaches
  3 goblins
  5 hobgoblins
  10 jackals (D:3)
  4 kobolds (D:4)
  3 quokkas
  3 bats
  A frilled lizard (D:3)
  3 frilled lizard zombies (D:4)
  2 rats (D:1)
167 creatures vanquished.

Notes
Turn   | Place    | Note
-------+----------+-------------------------------------------
     0 | D:1      | hikkokomori the Coglin Hunter began the quest for the Orb.
     0 | D:1      | Reached XP level 1. HP: 16/16 MP: 1/1
   100 | D:1      | Reached skill level 1 in Stealth
   258 | D:1      | Reached XP level 2. HP: 22/22 MP: 2/2
   660 | D:2      | Found a faded altar of an unknown god.
  1208 | D:3      | Reached XP level 3. HP: 28/28 MP: 3/3
  1486 | D:3      | Reached skill level 1 in Evocations
  1486 | D:3      | Reached XP level 4. HP: 34/34 MP: 4/4
  1614 | D:3      | Reached skill level 1 in Spellcasting
  1617 | D:3      | Reached XP level 5. HP: 20/41 MP: 6/6
  1627 | D:3      | Reached skill level 2 in Evocations
  1782 | D:3      | Reached XP level 6. HP: 47/47 MP: 6/8
  1784 | D:3      | Reached skill level 3 in Evocations
  2434 | D:3      | Reached XP level 7. HP: 46/54 MP: 10/10
  2588 | D:3      | Reached skill level 5 in Ranged Weapons
  2588 | D:3      | Reached skill level 4 in Evocations
  2765 | D:4      | Found an ancient bone altar of Kikubaaqudgha.
  2867 | D:4      | Learned a level 3 spell: Passwall
  2928 | D:4      | Found Wifoc's Magic Scroll Emporium.
  3325 | D:4      | Found a hazy altar of Hepliaklqana.
  3525 | D:5      | Entered Level 5 of the Dungeon
  3565 | D:5      | Reached skill level 5 in Evocations
  3565 | D:5      | Reached XP level 8. HP: 61/61 MP: 12/12
  3618 | D:5      | Reached skill level 1 in Earth Magic
  3644 | D:5      | Reached skill level 5 in Fighting
  3903 | D:5      | Found a staircase to the Ecumenical Temple.
  3920 | Temple   | Entered the Ecumenical Temple
  3937 | Temple   | Became a worshipper of Warmaster Okawaru
  4125 | D:6      | Found Fecw's General Store.
  4203 | D:6      | Identified the +6 dagger of the Everdark {flame, rF+ SInv}
  4228 | D:6      | Noticed Blork the orc
  4236 | D:6      | Killed Blork the orc
  4237 | D:6      | Reached skill level 6 in Evocations
  4416 | D:6      | Found a shimmering altar of Xom.
  4436 | D:6      | Found a shimmering blue altar of Sif Muna.
  4436 | D:6      | Found an ornate altar of the Wu Jian Council.
  4702 | D:7      | Reached skill level 1 in Invocations
  4725 | D:7      | Found a radiant altar of Vehumet.
  4766 | D:7      | Reached * piety under Okawaru
  4767 | D:7      | Reached XP level 9. HP: 38/69 MP: 13/13
  4966 | D:7      | Reached skill level 7 in Evocations
  5496 | D:7      | Reached ** piety under Okawaru
  5598 | D:8      | Reached skill level 8 in Evocations
  5897 | D:8      | HP: 3/66 [basilisk (2)]
  5898 | D:8      | Slain by a wyvern

Illustrated notes

Levels and vault maps discovered:
D:1:      roderic_dead_forest, layout_loops_ring
D:2:      layout_loops_ring, ebering_ecumenical_altar_sacrificial
D:3:      lemuel_castle_with_subvaults [lemuel_castle_interior_carwin_1],
          layout_loops_corners
D:4:      layout_rooms, lemuel_zombie_altar_kikubaaqudgha,
          nicolae_overflow_hidden_temple, serial_shops,
          nicolae_shop_rolling_square, kennysheep_generic_room_6
D:5:      layout_basic, minmay_temple_entry_enclosed_plants, kennysheep_diamond
D:6:      layout_rooms, chequers_temple_overflow_statue_of_worship,
          serial_shops, shop, uniq_blork_the_orc
D:7:      layout_loops_ring, kennysheep_mini, serial_glass, glass_columns_b,
          glass_columns_a, glass_columns_b, glass_columns_a, glass_columns_c
D:8:      cheibrodos_two_vegetables, layout_loops_ring,
          grunt_temple_overflow_opulence, david_lair_generic
D:9:      layout_roguey, uniq_erica, uniq_maggie
Temple:   chequers_temple_sunken

Skill      XL: |  1  2  3  4  5  6  7  8  9 |
---------------+----------------------------+-----
Stealth        | 1 2 |  2.0
Ranged Weapons | 4 5 6 7 |  7.0
Evocations     | 1 2 3 5 6 8 |  8.3
Fighting       | 3 4 5 6 |  6.8
Spellcasting   | 1 2 3 |  3.0
Earth Magic    | 3 |  3.0
Invocations    | 1 2 |  2.0
Dodging        | |  1.7

Action                     |  1- 3 |  4- 6 |  7- 9 || total
---------------------------+-------+-------+-------++-------
   Fire: Sling             |    96 |   268 |   568 ||   932
  Evoke: Wand              |       |     1 |       ||     1
    Use: Scroll            |       |       |    13 ||    13
 Armour: Leather armour    |     3 |    47 |   100 ||   150
  Dodge: Dodged            |     1 |    33 |    45 ||    79

Table legend: (Time is in decaauts)
 A = Elapsed time spent in this place.
 B = Non-inter-level travel time spent in this place.
 C = Inter-level travel time spent in this place.
 D = Time resting spent in this place.
 E = Time spent auto-exploring this place.
 F = Levels seen in this place.
 G = Mean time per level.
                   A        B        C        D        E       F      G
               +--------+--------+--------+--------+--------+-----+--------+
         Total |   5998 |   5819 |    179 |    164 |   4661 |  10 |  599.8 |
       Dungeon |   5959 |   5781 |    178 |    164 |   4661 |   9 |  662.1 |
        Temple |     38 |     38 |      0 |      0 |      0 |   1 |   38.0 |
               +--------+--------+--------+--------+--------+-----+--------+

Top non-repeatable levels by time:
     D:3: 1665 daAuts
     D:7: 1007 daAuts
     D:4: 768 daAuts
     D:2: 594 daAuts
     D:1: 564 daAuts
     D:5: 550 daAuts
     D:6: 488 daAuts
     D:8: 199 daAuts
     D:9: 118 daAuts
  Temple: 38 daAuts
